 Dungeon Crawl Stone Soup version 0.31-a0-931-g7b59d4eb97 (webtiles) character file.

Game seed: 8949055959695317468

14488 zero the Cleaver (level 11, -17/111 HPs)
             Began as a Minotaur Berserker on Oct 19, 2023.
             Was a High Priest of Trog.
             Demolished by a vault guard
             ... wielding a +2 heavy great mace
              (33 damage)
             ... on level 13 of the Dungeon.
             The game lasted 00:13:07 (11950 turns).

zero the Cleaver (Minotaur Berserker)              Turns: 11950, Time: 00:13:08

Health: -17/111    AC: 20    Str: 26    XL:     11   Next: 89%
Magic:  10/10      EV:  7    Int:  4    God:    Trog [*****.]
Gold:   970        SH: 14    Dex: 10    Spells: 10/10 levels left

rFire   + . .        b - +5 broad axe
rCold   . . .        s - +0 tower shield
rNeg    . . .        j - +1 chain mail {rF+}
rPois   +            (helmet restricted)
rElec   .            h - +0 cloak
rCorr   .            l - +0 pair of gloves
SInv    .            G - +0 pair of boots
Will    .....        (no amulet) Stlth
                     c - ring of poison resistance
HPRegen 0.38/turn    x - +4 ring of protection
MPRegen 0.12/turn

%: no passive effects
@: on berserk cooldown, hasted and slowed
A: horns 2, retaliatory headbutt
a: Renounce Religion, Berserk, Trog's Hand, Brothers in Arms


You were on level 13 of the Dungeon.
You worshipped Trog.
Trog was extremely pleased with you.
You visited 1 branch of the dungeon, and saw 12 of its levels.

You collected 1063 gold pieces.
You spent 93 gold pieces at shops.

Inventory:

Hand Weapons
 b - a +5 broad axe (weapon)
Missiles
 p - 2 throwing nets
Armour
 h - a +0 cloak (worn)
 j - a +1 chain mail of fire resistance (worn)
 l - a +0 pair of gloves (worn)
 s - a +0 tower shield (worn)
 G - a +0 pair of boots (worn)
Jewellery
 c - a ring of poison resistance (left hand)
 m - a ring of flight
 n - a ring of fire
 x - a +4 ring of protection (right hand)
 A - a ring of protection from cold
 F - a ring of see invisible
Wands
 e - a wand of charming (3)
 y - a wand of flame (9)
 C - a wand of iceblast (3)
Scrolls
 f - 3 scrolls of immolation
 i - a scroll of poison
 k - a scroll of identify
 o - 4 scrolls of teleportation
 v - a scroll of fog
 E - a scroll of fear
Potions
 a - a potion of berserk rage {unknown}
 d - 2 potions of attraction
 g - a potion of resistance
 q - a potion of heal wounds
 r - 4 potions of curing
 t - a potion of enlightenment
 u - 2 potions of mutation
 w - a potion of lignification
 B - a potion of might
 D - a potion of brilliance


   Skills:
 * Level 14.5 Fighting
 * Level 14.6 Axes
 - Level 8.4 Armour
 - Level 2.1 Dodging
 - Level 8.0 Shields


You had 10 spell levels left.
You didn't know any spells.
Your spell library was empty.

Dungeon Overview and Level Annotations

Branches:
Dungeon (11/15)            Temple (0/1) D:4            Lair (0/5) D:11
    Orc (0/2) D:10         Vaults (0/5) D:13

Altars:
Cheibriados
Fedhas
Gozag
Makhleb
Ru
Xom
The Shining One

Shops:
D:4 *

Annotations:
D:6 2 runed translucent doors, Vorhees's ghost, novice OpSh
D:8 1 runed translucent door, exclusion: 4 orange crystal statues


Innate Abilities, Weirdness & Mutations

You have a pair of horns on your head.
You reflexively headbutt those who attack you in melee.


Message History

You block the vault guard's attack.
You hit the vault guard but do no damage.
Your headbutt misses the vault guard.
The vault guard is lightly wounded.
Your skin stops crawling.
You feel less strong-willed. The vault guard closely misses you.
You furiously retaliate!
You headbutt the vault guard! You block the vault guard's attack.
You hit the vault guard. You headbutt the vault guard.
The vault guard is moderately wounded.
You block the vault guard's attack.
You hit the vault guard.
The vault guard is heavily wounded.
You block the vault guard's attack.
The vault guard hits you but does no damage.
You closely miss the vault guard.
The vault guard is heavily wounded.
You block the vault guard's attack. The vault guard barely misses you.
You slash the vault guard! You headbutt the vault guard.
The vault guard is severely wounded.
You block the vault guard's attack.
You barely miss the vault guard. You headbutt the vault guard.
The vault guard is severely wounded.
The vault guard hits you with a +0 bardiche!!
* * * LOW HITPOINT WARNING * * *
The vault guard hits you with a +0 bardiche!
* * * LOW HITPOINT WARNING * * *
You slice the vault guard!!
The vault guard is almost dead.
You block the vault guard's attack.
The vault guard hits you but does no damage.
You slash the vault guard!
You kill the vault guard!
Trog accepts your kill.
You feel yourself speed up.
The vault guard hits you with a +2 heavy great mace.
* * * LOW HITPOINT WARNING * * *
Items here: )) [[ †.
The vault guard attacks as it pursues you!
The vault guard hits you with a +2 heavy great mace!!
You die...

#.. .... .... #
..... .##
.....#########...###
......#..@p)pp.∩....
.......:######...###
........## .##
..###....# #
###...######.#
.....#.........#
##.........#####
#######..######
#............###


You could see 3 vault guards.

Vanquished Creatures
  Erolcha (D:11)
  5 vault guards (D:13)
  Pikel (D:8)
  An ugly thing (D:11)
  Maggie (D:8)
  An unseen horror (D:13)
  Jeremiah (D:8)
  A troll (D:10)
  Grinder (D:4)
  2 wraiths
  Grum (D:9)
  20 yaks
  A basilisk (D:11)
  2 steam dragons (D:8)
  Edmund (D:4)
  An acid dragon (D:10)
  2 water moccasins
  3 orc warriors
  A sky beast (D:8)
  A swamp drake (D:10)
  2 ice beasts
  An ogre (D:10)
  4 centaurs
  3 wolves (D:9)
  2 lemures (D:8)
  3 kobold brigands
  A bullfrog (D:8)
  2 scorpions
  22 wights
  6 killer bees
  9 howler monkeys
  2 jellies
  12 orc priests
  2 gnoll boudas
  3 hounds
  4 iguanas
  Natasha (twice) (D:2)
  6 orc wizards
  2 human simulacra (D:11)
  6 adders
  11 gnolls
  4 white imps
  4 ufetubi (D:6)
  5 worms
  4 dart slugs
  46 orcs
  A bat (D:3)
  6 endoplasms
  5 giant cockroaches
  3 goblins
  4 hobgoblins
  A jackal (D:5)
  21 kobolds
  4 quokkas
  2 ball pythons
  4 frilled lizards
  2 rats
  A butterfly (D:4)
270 creatures vanquished.

Vanquished Creatures (others)
  An orc wizard (D:8)
1 creature vanquished.

Grand Total: 271 creatures vanquished

Notes
Turn   | Place    | Note
-------+----------+-------------------------------------------
     0 | D:1      | zero the Minotaur Berserker began the quest for the Orb.
     0 | D:1      | Reached XP level 1. HP: 19/19 MP: 0/0
   527 | D:1      | Reached XP level 2. HP: 25/27 MP: 1/1
   986 | D:2      | Reached XP level 3. HP: 29/33 MP: 2/2
  1244 | D:2      | Noticed Natasha
  1249 | D:2      | Killed Natasha
  1250 | D:2      | Reached skill level 1 in Shields
  1320 | D:2      | Reached ** piety under Trog
  1525 | D:2      | Reached XP level 4. HP: 41/41 MP: 3/3
  1530 | D:2      | Noticed Natasha
  1539 | D:2      | Killed Natasha
  1942 | D:3      | Found a sacrificial altar of Ru.
  2724 | D:4      | Reached skill level 5 in Fighting
  2724 | D:4      | Reached skill level 5 in Axes
  2724 | D:4      | Reached XP level 5. HP: 45/48 MP: 4/4
  2775 | D:4      | Noticed Grinder
  2781 | D:4      | Paralysed by Grinder for 3 turns
  2791 | D:4      | Paralysed by Grinder for 4 turns
  2809 | D:4      | Paralysed by Grinder for 2 turns
  2816 | D:4      | Paralysed by Grinder for 3 turns
  2826 | D:4      | Killed Grinder
  2827 | D:4      | Reached XP level 6. HP: 26/57 MP: 5/5
  2937 | D:4      | Found a staircase to the Ecumenical Temple.
  3024 | D:4      | Identified the +1 dagger "Ytwuwn" {flame, Will+ Str+3}
  3358 | D:4      | Found a shimmering altar of Xom.
  3697 | D:4      | Found a snail-covered altar of Cheibriados.
  3786 | D:4      | Found Habah's Assorted Antiques.
  3797 | D:4      | Bought a scroll labelled OCEAFR BERYROAJAKU for 19 gold
                  | pieces
  3797 | D:4      | Bought a scroll labelled IHAMOSHIMU for 19 gold pieces
  3797 | D:4      | Bought a yellow potion for 17 gold pieces
  3797 | D:4      | Bought a scroll labelled TAOFAC XUIQOIL for 19 gold pieces
  3797 | D:4      | Bought a scroll labelled UCIZEUSMUY for 19 gold pieces
  3831 | D:4      | Noticed Edmund
  3842 | D:4      | Killed Edmund
  3843 | D:4      | Reached XP level 7. HP: 64/64 MP: 6/6
  3987 | D:4      | Found a glowing golden altar of the Shining One.
  4127 | D:5      | Entered Level 5 of the Dungeon
  4495 | D:5      | Found a blossoming altar of Fedhas.
  4654 | D:5      | Reached skill level 5 in Armour
  4654 | D:5      | Reached XP level 8. HP: 63/73 MP: 7/7
  4922 | D:5      | Found an opulent altar of Gozag.
  5149 | D:6      | Reached *** piety under Trog
  5385 | D:6      | Found a large runed translucent door.
  5386 | D:6      | Found a large runed translucent door.
  5390 | D:6      | Noticed Vorhees's ghost (novice OpSh)
  6106 | D:7      | Identified the "Xurhosuo"
  6382 | D:7      | Reached skill level 5 in Shields
  6802 | D:7      | Reached XP level 9. HP: 83/83 MP: 8/8
  7130 | D:8      | Noticed Pikel
  7246 | D:8      | Reached skill level 10 in Axes
  7257 | D:8      | Reached skill level 10 in Fighting
  7471 | D:8      | Killed Pikel
  7543 | D:8      | Found a runed translucent door.
  7547 | D:8      | Found the +10 tower shield of Ignorance {rN+ Int-4}
  7563 | D:8      | Noticed Jeremiah
  7564 | D:8      | Found a runed translucent door.
  7564 | D:8      | Noticed an orange crystal statue
  7594 | D:8      | Reached **** piety under Trog
  7702 | D:8      | Noticed Maggie
  7708 | D:8      | Reached XP level 10. HP: 66/94 MP: 9/9
  7712 | D:8      | Killed Maggie
  7914 | D:8      | Killed Jeremiah
  8187 | D:8      | Noticed an orange crystal statue
  8187 | D:8      | Noticed an orange crystal statue
  8187 | D:8      | Noticed an orange crystal statue
  8188 | D:8      | Lost intelligence.
  9659 | D:9      | Noticed Grum
  9678 | D:9      | Killed Grum
 10137 | D:9      | Found a burning altar of Makhleb.
 10246 | D:10     | Entered Level 10 of the Dungeon
 10576 | D:10     | Reached XP level 11. HP: 105/105 MP: 10/10
 10590 | D:10     | Found a staircase to the Orcish Mines.
 10599 | D:10     | Reached ***** piety under Trog
 11489 | D:11     | Noticed a green ugly thing
 11497 | D:11     | Killed a green ugly thing
 11657 | D:11     | Found a staircase to the Lair.
 11668 | D:11     | Noticed Erolcha
 11679 | D:11     | Killed Erolcha
 11757 | D:11     | You fall into a shaft and drop 2 floors!
 11904 | D:13     | Noticed a vault guard
 11904 | D:13     | Noticed a vault guard
 11904 | D:13     | Noticed a vault guard
 11904 | D:13     | Noticed a vault guard
 11905 | D:13     | Found a gate to the Vaults.
 11905 | D:13     | Noticed a vault guard
 11905 | D:13     | Noticed a vault guard
 11906 | D:13     | Noticed a vault guard
 11906 | D:13     | Noticed a vault guard
 11914 | D:13     | Killed a vault guard
 11922 | D:13     | Killed a vault guard
 11928 | D:13     | Killed a vault guard
 11934 | D:13     | Killed a vault guard
 11946 | D:13     | Killed a vault guard
 11950 | D:13     | Demolished by a vault guard

Illustrated notes

Levels and vault maps discovered:
D:1:      saegor_arrival_under_anarchy, layout_loops_cross
D:2:      layout_loops_ring, dreamdust_princess_corridor,
          kennysheep_generic_room_12, uniq_natasha
D:3:      layout_basic, mainiacjoe_overflow_alcove_4
D:4:      layout_basic, nicolae_overflow_hidden_temple, xom_butterflies,
          mainiacjoe_overflow_alcove_2, minmay_temple_entry_junction,
          serial_shops, shop, uniq_grinder, uniq_edmund
D:5:      layout_rooms, nicolae_gozag_cash_rules_everything_around_me,
          lemuel_round_altar, minmay_increasing_density
D:6:      layout_basic, ebering_ghost_disaster_area
D:7:      minmay_general_purpose_star, layout_rooms, columned_hall_lemuel,
          solitary_fountain
D:8:      layout_rooms, chequers_guarded_unrand_ignorance, uniq_jeremiah,
          uniq_pikel, uniq_maggie
D:9:      layout_rooms, kennysheep_mini, dreamdust_wishing_well, uniq_grum
D:10:     layout_roguey, erik_orc_1
D:11:     layout_cross, lair_entry_dummy, bh_circular_ruins, uniq_erolcha
D:13:     layout_cave_pods, erik_vaults_2

Skill      XL: |  1  2  3  4  5  6  7  8  9 10 11 |
---------------+----------------------------------+-----
Fighting       | 4 5 6 7 9 10 12 14 | 14.5
Axes           | 4 5 6 7 9 10 12 14 | 14.6
Shields        | 1 2 3 4 5 6 8 |  8.0
Armour         | 3 4 5 6 7 8 |  8.4
Dodging        | |  2.1

Action                     |  1- 3 |  4- 6 |  7- 9 | 10-12 || total
---------------------------+-------+-------+-------+-------++-------
  Melee: Hand axe          |    67 |   114 |   212 |       ||   393
         Headbutt          |    16 |    20 |    53 |    46 ||   135
         Broad axe         |       |       |    71 |   277 ||   348
 Invoke: Berserk           |       |     2 |     3 |     5 ||    10
         Trog's Hand       |       |     2 |       |     4 ||     6
    Use: Scroll            |       |       |    12 |    10 ||    22
         Potion            |       |       |       |     3 ||     3
 Armour: Animal skin       |    13 |       |       |       ||    13
         Ring mail         |    22 |    14 |       |       ||    36
         Scale mail        |       |    36 |   231 |    71 ||   338
         Chain mail        |       |       |       |   226 ||   226
  Dodge: Dodged            |    23 |    25 |    82 |    92 ||   222
  Block: Kite shield       |    13 |    22 |       |       ||    35
         Tower shield      |       |    13 |   227 |   233 ||   473

Table legend: (Time is in decaauts)
 A = Elapsed time spent in this place.
 B = Non-inter-level travel time spent in this place.
 C = Inter-level travel time spent in this place.
 D = Time resting spent in this place.
 E = Time spent auto-exploring this place.
 F = Levels seen in this place.
 G = Mean time per level.
                   A        B        C        D        E       F      G
               +--------+--------+--------+--------+--------+-----+--------+
         Total |  12938 |  12377 |    561 |   3246 |   7169 |  12 | 1078.2 |
       Dungeon |  12938 |  12377 |    561 |   3246 |   7169 |  12 | 1078.2 |
               +--------+--------+--------+--------+--------+-----+--------+

Top non-repeatable levels by time:
     D:8: 2285 daAuts
     D:7: 1772 daAuts
     D:4: 1483 daAuts
     D:6: 1156 daAuts
     D:2: 1155 daAuts
    D:10: 993 daAuts
     D:9: 934 daAuts
     D:3: 882 daAuts
     D:5: 868 daAuts
     D:1: 660 daAuts
    D:11: 547 daAuts
    D:13: 199 daAuts
